General information
- name: BNet
- type: Ladder team game (AT/RT)
- host: Battle.net
- saver: afkchamp2
map: Deadlock
- players: 8
- length: 48:38
- speed: Fast
- version: 1.28 W3XP
- replay type: Public
» download(258 KB)
Players
team 1 (loser)

»
THEMORDORMORTAL (
green | 31 APM | 764 actions | 24:58)
4 Demon Hunter
2 Mana Burn
2 Evasion
1 Warden
1 Fan of Knives
» actions
| Assign group hotkey | 3 | |
| Basic commands | 1 | |
| Build / train | 60 | |
| Enter build submenu | 18 | |
| Enter hero's abilities submenu | 6 | |
| Give item / drop item | 3 | |
| Remove unit from queue | 5 | |
| Right click | 365 | |
| Select / deselect | 250 | |
| Select group hotkey | 6 | |
| Use ability | 47 | |
764 total
» units
| Wisp | 11 | |
| Druid of the Talon | 18 | |
| Hippogryph | 9 | |
38 total
» upgrades
| Druid of the Talon Training | 2 | |
| Ultravision | 1 | |
| Strength of the Wild | 2 | |
| Reinforced Hides | 2 | |
7 total
» buildings
| Moon Well | 8 | |
| Altar of Elders | 1 | |
| Ancient of War | 1 | |
| Ancient of Wonders | 1 | |
| Tree of Ages | 1 | |
| Hunter's Hall | 1 | |
| Ancient of Wind | 2 | |
| Tree of Eternity | 1 | |
| Tree of Life | 1 | |
17 total
» build order
00:09 Moon Well
00:17 Altar of Elders
01:03 Ancient of War
01:19 Moon Well
01:25 Ancient of Wonders
02:31 Tree of Ages
03:27 Moon Well
04:58 Hunter's Hall
05:02 Ancient of Wind
05:07 Ancient of Wind
05:32 Moon Well
07:18 Moon Well
07:29 Tree of Eternity
07:34 Moon Well
09:56 Moon Well
11:26 Moon Well
22:36 Tree of Life
» items
| Lesser Clarity Potion | 1 | |
| Orb of Venom | 1 | |
| Scroll of Town Portal | 1 | |
3 total
afkchamp2 (
purple | 95 APM | 4601 actions | 48:38)
7 Archmage
3 Summon Water Elemental
3 Brilliance Aura
1 Mass Teleport
8 Mountain King
3 Storm Bolt
3 Bash
1 Avatar
1 Thunder Clap
» actions
| Assign group hotkey | 84 | |
| Basic commands | 314 | |
| Build / train | 175 | |
| ESC pressed | 3 | |
| Enter build submenu | 77 | |
| Enter hero's abilities submenu | 16 | |
| Give item / drop item | 28 | |
| Remove unit from queue | 1 | |
| Right click | 1440 | |
| Select / deselect | 678 | |
| Select group hotkey | 1385 | |
| Use ability | 400 | |
4601 total
» units
| Peasant | 17 | |
| Footman | 5 | |
| Rifleman | 6 | |
| Dragonhawk Rider | 5 | |
| Priest | 5 | |
| Siege Engine | 2 | |
| Knight | 3 | |
| Spell Breaker | 3 | |
| Sorceress | 1 | |
47 total
» upgrades
| Masonry | 3 | |
| Lumber Harvesting | 2 | |
| Priest Training | 2 | |
| Long Rifles | 1 | |
| Gunpowder | 3 | |
| Plating | 3 | |
| Swords | 3 | |
| Defend | 1 | |
| Animal War Training | 1 | |
| Cloud | 1 | |
| Storm Hammers | 1 | |
| Armor | 3 | |
| Magic Sentry | 1 | |
| Sorceress Training | 2 | |
| Barrage | 1 | |
| Control Magic | 0 | |
| Fragmentation Shards | 1 | |
| Well Spring | 1 | |
30 total
» buildings
| Altar of Kings | 1 | |
| Barracks | 2 | |
| Farm | 15 | |
| Arcane Vault | 1 | |
| Lumber Mill | 1 | |
| Keep | 3 | |
| Scout Tower | 30 | |
| Town Hall | 4 | |
| Guard Tower | 37 | |
| Arcane Tower | 1 | |
| Castle | 1 | |
| Arcane Sanctum | 2 | |
| Blacksmith | 1 | |
| Gryphon Aviary | 3 | |
| Workshop | 2 | |
104 total
» build order
00:54 Altar of Kings
00:56 Barracks
00:59 Farm
01:01 Farm
01:07 Farm
01:21 Farm
02:05 Arcane Vault
02:20 Farm
02:33 Lumber Mill
03:54 Keep
03:54 Keep
04:05 Scout Tower
04:35 Town Hall
05:44 Scout Tower
06:26 Guard Tower
06:27 Arcane Tower
07:05 Scout Tower
07:19 Castle
07:51 Guard Tower
07:52 Guard Tower
07:54 Scout Tower
08:00 Scout Tower
08:24 Guard Tower
08:24 Guard Tower
08:28 Arcane Sanctum
08:33 Barracks
08:38 Blacksmith
08:54 Guard Tower
08:54 Guard Tower
09:58 Scout Tower
09:59 Scout Tower
10:04 Scout Tower
10:08 Scout Tower
11:37 Farm
11:52 Gryphon Aviary
11:56 Gryphon Aviary
12:31 Gryphon Aviary
13:13 Farm
13:14 Farm
15:54 Scout Tower
15:56 Scout Tower
15:58 Farm
16:00 Farm
16:05 Scout Tower
16:06 Farm
16:15 Farm
16:18 Farm
16:51 Farm
16:54 Farm
17:13 Guard Tower
19:05 Guard Tower
19:06 Guard Tower
20:37 Scout Tower
20:41 Scout Tower
20:43 Scout Tower
20:45 Workshop
21:34 Guard Tower
21:34 Guard Tower
21:34 Guard Tower
24:08 Town Hall
25:17 Workshop
25:20 Scout Tower
25:24 Scout Tower
26:26 Guard Tower
26:26 Guard Tower
26:26 Guard Tower
31:12 Arcane Sanctum
31:33 Town Hall
31:35 Scout Tower
31:36 Scout Tower
31:37 Scout Tower
31:38 Scout Tower
32:10 Guard Tower
32:10 Guard Tower
32:10 Guard Tower
34:57 Scout Tower
34:57 Scout Tower
34:58 Scout Tower
34:59 Scout Tower
35:01 Scout Tower
35:02 Scout Tower
35:30 Guard Tower
35:30 Guard Tower
35:30 Guard Tower
36:07 Guard Tower
36:07 Guard Tower
36:25 Town Hall
37:05 Scout Tower
37:08 Scout Tower
37:14 Scout Tower
38:19 Guard Tower
38:20 Guard Tower
38:20 Guard Tower
» items
| Scroll of Regeneration | 5 | |
| Staff of Teleportation | 2 | |
| Periapt of Vitality | 2 | |
| Boots of Speed | 1 | |
| Potion of Invisibility | 1 | |
| Circlet of Nobility | 1 | |
| Scroll of Town Portal | 2 | |
| Staff of Sanctuary | 1 | |
| Mechanical Critter | 6 | |
| Lesser Clarity Potion | 1 | |
| Potion of Mana | 1 | |
| Orb of Fire | 1 | |
24 total
a5aprocky (
orange | 31 APM | 641 actions | 20:44)
4 Mountain King
2 Storm Bolt
2 Bash
2 Paladin
1 Holy Light
1 Divine Shield
3 Archmage
2 Brilliance Aura
1 Blizzard
» actions
| Basic commands | 2 | |
| Build / train | 75 | |
| ESC pressed | 1 | |
| Enter build submenu | 26 | |
| Enter hero's abilities submenu | 9 | |
| Give item / drop item | 1 | |
| Remove unit from queue | 1 | |
| Right click | 144 | |
| Select / deselect | 330 | |
| Use ability | 52 | |
641 total
» units
| Peasant | 20 | |
| Footman | 4 | |
| Gryphon Rider | 13 | |
| Rifleman | 8 | |
45 total
» upgrades
| Lumber Harvesting | 1 | |
| Storm Hammers | 1 | |
| Swords | 3 | |
| Long Rifles | 0 | |
5 total
» buildings
| Altar of Kings | 1 | |
| Farm | 13 | |
| Barracks | 2 | |
| Lumber Mill | 1 | |
| Town Hall | 1 | |
| Keep | 1 | |
| Scout Tower | 9 | |
| Arcane Vault | 1 | |
| Guard Tower | 4 | |
| Gryphon Aviary | 3 | |
| Castle | 1 | |
| Blacksmith | 1 | |
38 total
» build order
00:37 Altar of Kings
01:11 Farm
01:28 Barracks
01:42 Farm
02:17 Lumber Mill
02:21 Farm
02:58 Farm
04:24 Town Hall
05:00 Keep
05:05 Scout Tower
05:07 Scout Tower
05:28 Farm
05:31 Arcane Vault
05:42 Guard Tower
05:47 Scout Tower
05:48 Scout Tower
06:26 Guard Tower
06:53 Farm
06:54 Farm
07:04 Guard Tower
07:24 Gryphon Aviary
07:26 Castle
08:14 Gryphon Aviary
08:18 Farm
09:00 Farm
09:39 Blacksmith
09:50 Farm
10:47 Farm
10:49 Farm
10:52 Farm
12:05 Gryphon Aviary
13:09 Scout Tower
13:10 Scout Tower
13:11 Scout Tower
13:12 Scout Tower
13:13 Scout Tower
18:34 Guard Tower
19:25 Barracks
» items
| Boots of Speed | 1 | |
| Orb of Fire | 1 | |
| Potion of Healing | 1 | |
3 total
BATSHI.TCRAZY (
yellow | 21 APM | 1004 actions | 48:38)
8 Mountain King
3 Storm Bolt
2 Bash
2 Avatar
1 Thunder Clap
» actions
| Basic commands | 2 | |
| Build / train | 74 | |
| Enter build submenu | 14 | |
| Enter hero's abilities submenu | 9 | |
| Right click | 600 | |
| Select / deselect | 258 | |
| Use ability | 47 | |
1004 total
» units
| Peasant | 7 | |
| Rifleman | 27 | |
| Gryphon Rider | 4 | |
38 total
» upgrades
| Gunpowder | 3 | |
| Long Rifles | 1 | |
| Armor | 5 | |
| Animal War Training | 1 | |
10 total
» buildings
| Barracks | 1 | |
| Blacksmith | 1 | |
| Farm | 8 | |
| Altar of Kings | 1 | |
| Arcane Vault | 1 | |
| Keep | 1 | |
| Castle | 1 | |
| Town Hall | 1 | |
| Scout Tower | 1 | |
16 total
» build order
01:40 Barracks
01:43 Blacksmith
02:19 Farm
02:28 Altar of Kings
02:32 Farm
03:11 Farm
03:13 Farm
03:24 Farm
04:02 Farm
04:16 Arcane Vault
05:34 Farm
06:06 Keep
06:29 Farm
10:16 Castle
16:02 Town Hall
37:40 Scout Tower
» items
| Boots of Speed | 1 | |
| Circlet of Nobility | 1 | |
| Scroll of Regeneration | 3 | |
| Scroll of Town Portal | 4 | |
| Potion of Healing | 4 | |
| Lesser Clarity Potion | 1 | |
14 total
team 2 (winner)
maeteamo (
teal | 63 APM | 3079 actions | 48:38)
4 Demon Hunter
2 Evasion
2 Immolation
6 Crypt Lord
2 Spiked Carapace
2 Carrion Beetles
1 Impale
1 Locust Swarm
2 Death Knight
1 Death Coil
1 Unholy Aura
» actions
| Assign group hotkey | 60 | |
| Basic commands | 253 | |
| Build / train | 134 | |
| Enter build submenu | 64 | |
| Enter hero's abilities submenu | 12 | |
| Remove unit from queue | 10 | |
| Right click | 722 | |
| Select / deselect | 812 | |
| Select group hotkey | 881 | |
| Use ability | 129 | |
3079 total
» units
| Wisp | 64 | |
| Ghoul | 1 | |
| Huntress | 8 | |
| Acolyte | 10 | |
| Chimaera | 4 | |
| Gargoyle | 20 | |
107 total
» upgrades
| Strength of the Wild | 2 | |
| Creature Carapace | 1 | |
| Corrosive Breath | 1 | |
| Creature Attack | 1 | |
5 total
» buildings
| Moon Well | 14 | |
| Altar of Elders | 2 | |
| Ancient of War | 2 | |
| Tree of Ages | 1 | |
| Tree of Life | 16 | |
| Halls of the Dead | 1 | |
| Ziggurat | 2 | |
| Hunter's Hall | 2 | |
| Crypt | 3 | |
| Tree of Eternity | 1 | |
| Ancient of Wind | 1 | |
| Chimaera Roost | 4 | |
| Ancient Protector | 3 | |
| Black Citadel | 1 | |
53 total
» build order
00:20 Moon Well
00:27 Moon Well
00:34 Altar of Elders
01:45 Ancient of War
02:02 Moon Well
02:08 Moon Well
02:52 Moon Well
03:21 Moon Well
03:22 Tree of Ages
04:07 Tree of Life
04:19 Halls of the Dead
04:23 Ziggurat
04:33 Hunter's Hall
04:46 Moon Well
04:53 Moon Well
05:04 Ancient of War
05:28 Crypt
06:55 Tree of Eternity
07:45 Ancient of Wind
09:27 Chimaera Roost
09:28 Chimaera Roost
09:30 Chimaera Roost
09:32 Chimaera Roost
09:38 Ancient Protector
11:32 Ancient Protector
11:35 Ancient Protector
12:03 Black Citadel
13:14 Ziggurat
15:33 Moon Well
16:54 Tree of Life
20:30 Tree of Life
21:12 Tree of Life
21:21 Tree of Life
21:31 Moon Well
21:36 Moon Well
21:40 Moon Well
22:15 Moon Well
22:52 Crypt
22:54 Crypt
23:11 Altar of Elders
25:39 Tree of Life
26:33 Tree of Life
31:04 Tree of Life
31:11 Tree of Life
31:18 Tree of Life
31:40 Tree of Life
31:50 Tree of Life
32:05 Tree of Life
32:18 Tree of Life
34:38 Tree of Life
38:41 Tree of Life
38:45 Hunter's Hall
38:48 Moon Well
JewHater (
blue | 74 APM | 3578 actions | 48:38)
2 Death Knight
1 Death Coil
1 Unholy Aura
» actions
| Assign group hotkey | 12 | |
| Basic commands | 208 | |
| Build / train | 122 | |
| Enter build submenu | 92 | |
| Enter hero's abilities submenu | 1 | |
| Right click | 1063 | |
| Select / deselect | 553 | |
| Select group hotkey | 1037 | |
| Use ability | 490 | |
3578 total
» units
| Peasant | 35 | |
| Flying Machine | 22 | |
57 total
» upgrades
| Masonry | 3 | |
| Lumber Harvesting | 2 | |
| Magic Sentry | 1 | |
| Gunpowder | 3 | |
| Plating | 4 | |
| Flak Cannons | 1 | |
| Flying Machine Bombs | 1 | |
| Barrage | 1 | |
| Armor | 3 | |
| Fragmentation Shards | 1 | |
| Flare | 1 | |
21 total
» buildings
| Lumber Mill | 3 | |
| Scout Tower | 87 | |
| Guard Tower | 39 | |
| Arcane Tower | 1 | |
| Farm | 5 | |
| Keep | 1 | |
| Altar of Kings | 2 | |
| Town Hall | 6 | |
| Arcane Sanctum | 1 | |
| Blacksmith | 3 | |
| Workshop | 4 | |
| Castle | 1 | |
153 total
» build order
00:36 Lumber Mill
01:02 Scout Tower
01:04 Scout Tower
01:07 Scout Tower
01:10 Scout Tower
01:23 Scout Tower
01:40 Guard Tower
01:50 Arcane Tower
01:53 Farm
02:03 Farm
02:15 Guard Tower
02:30 Guard Tower
02:36 Guard Tower
03:00 Scout Tower
03:02 Scout Tower
03:04 Scout Tower
03:06 Scout Tower
03:15 Farm
03:20 Farm
03:23 Scout Tower
03:24 Scout Tower
03:26 Scout Tower
03:26 Scout Tower
03:32 Farm
03:52 Guard Tower
03:56 Guard Tower
04:08 Guard Tower
04:17 Guard Tower
04:48 Keep
04:51 Guard Tower
05:15 Guard Tower
05:16 Guard Tower
05:21 Scout Tower
05:22 Scout Tower
05:30 Scout Tower
05:32 Scout Tower
05:33 Scout Tower
05:34 Scout Tower
05:35 Scout Tower
05:37 Scout Tower
06:16 Altar of Kings
06:22 Altar of Kings
07:56 Town Hall
07:58 Scout Tower
07:59 Scout Tower
07:59 Scout Tower
08:00 Scout Tower
08:06 Scout Tower
08:06 Scout Tower
08:06 Scout Tower
08:07 Scout Tower
08:08 Scout Tower
08:08 Scout Tower
08:10 Scout Tower
08:11 Scout Tower
08:53 Guard Tower
09:20 Arcane Sanctum
09:25 Blacksmith
09:27 Blacksmith
09:31 Blacksmith
10:01 Scout Tower
10:02 Scout Tower
10:03 Scout Tower
10:03 Scout Tower
10:04 Scout Tower
10:04 Scout Tower
10:08 Scout Tower
10:33 Town Hall
10:41 Guard Tower
10:49 Guard Tower
10:56 Guard Tower
11:33 Guard Tower
11:35 Guard Tower
11:43 Scout Tower
11:44 Scout Tower
11:44 Scout Tower
11:45 Scout Tower
11:45 Scout Tower
11:51 Workshop
11:58 Workshop
12:42 Castle
14:47 Guard Tower
15:24 Lumber Mill
21:19 Workshop
21:22 Workshop
22:46 Town Hall
22:48 Scout Tower
22:48 Scout Tower
22:49 Scout Tower
22:49 Scout Tower
22:50 Scout Tower
22:50 Scout Tower
22:50 Scout Tower
22:51 Scout Tower
22:51 Scout Tower
22:52 Scout Tower
22:52 Scout Tower
22:53 Scout Tower
22:58 Town Hall
23:02 Scout Tower
23:02 Scout Tower
23:02 Scout Tower
23:03 Scout Tower
23:04 Scout Tower
23:04 Scout Tower
23:04 Scout Tower
23:05 Scout Tower
23:05 Scout Tower
23:06 Scout Tower
23:06 Scout Tower
23:07 Scout Tower
23:19 Guard Tower
23:19 Guard Tower
23:20 Guard Tower
23:20 Guard Tower
23:36 Guard Tower
23:47 Guard Tower
23:49 Guard Tower
23:49 Guard Tower
23:49 Guard Tower
24:13 Guard Tower
24:17 Guard Tower
25:59 Town Hall
26:02 Scout Tower
26:02 Scout Tower
26:03 Scout Tower
26:03 Scout Tower
26:04 Scout Tower
26:04 Scout Tower
26:05 Scout Tower
26:05 Scout Tower
26:06 Scout Tower
26:06 Scout Tower
26:07 Scout Tower
26:08 Scout Tower
26:13 Guard Tower
26:35 Guard Tower
27:17 Guard Tower
27:21 Guard Tower
28:11 Guard Tower
28:45 Guard Tower
29:06 Lumber Mill
37:07 Town Hall
37:15 Scout Tower
37:16 Scout Tower
37:16 Scout Tower
37:17 Scout Tower
37:28 Scout Tower
37:51 Guard Tower
38:02 Scout Tower
38:33 Guard Tower
scholarvate (
pink | 38 APM | 1363 actions | 35:40)
4 Archmage
2 Summon Water Elemental
2 Brilliance Aura
2 Death Knight
2 Death Coil
8 Paladin
3 Holy Light
3 Devotion Aura
1 Resurrection
1 Divine Shield
2 Crypt Lord
1 Carrion Beetles
1 Spiked Carapace
» actions
| Assign group hotkey | 21 | |
| Basic commands | 10 | |
| Build / train | 114 | |
| Enter build submenu | 23 | |
| Enter hero's abilities submenu | 15 | |
| Remove unit from queue | 1 | |
| Right click | 571 | |
| Select / deselect | 307 | |
| Select group hotkey | 224 | |
| Use ability | 77 | |
1363 total
» units
| Peasant | 6 | |
| Footman | 10 | |
| Crypt Fiend | 8 | |
| Knight | 13 | |
| Gargoyle | 7 | |
44 total
» upgrades
| Creature Attack | 2 | |
| Swords | 3 | |
| Web | 1 | |
| Plating | 3 | |
| Lumber Harvesting | 2 | |
| Animal War Training | 1 | |
| Masonry | 3 | |
| Creature Carapace | 2 | |
| Ghoul Frenzy | 1 | |
18 total
» buildings
| Barracks | 2 | |
| Altar of Kings | 1 | |
| Farm | 12 | |
| Arcane Vault | 1 | |
| Ziggurat | 3 | |
| Halls of the Dead | 1 | |
| Keep | 1 | |
| Blacksmith | 1 | |
| Lumber Mill | 1 | |
| Castle | 1 | |
| Black Citadel | 1 | |
| Slaughterhouse | 1 | |
26 total
» build order
00:16 Barracks
00:26 Altar of Kings
00:29 Farm
00:42 Farm
01:42 Farm
02:22 Arcane Vault
03:11 Ziggurat
03:48 Farm
04:20 Halls of the Dead
05:12 Keep
05:16 Blacksmith
05:22 Lumber Mill
06:51 Farm
08:03 Castle
08:14 Farm
09:09 Barracks
11:26 Black Citadel
11:35 Ziggurat
11:38 Ziggurat
11:43 Slaughterhouse
12:49 Farm
12:51 Farm
12:54 Farm
16:08 Farm
16:10 Farm
19:00 Farm
» items
| Scroll of Regeneration | 1 | |
| Lesser Clarity Potion | 1 | |
| Scroll of Town Portal | 1 | |
3 total

»
D1CKTHISBIG____ (
red | 32 APM | 81 actions | 02:30)
» actions
| Assign group hotkey | 3 | |
| Build / train | 5 | |
| ESC pressed | 7 | |
| Enter build submenu | 7 | |
| Right click | 36 | |
| Select / deselect | 16 | |
| Select group hotkey | 1 | |
| Use ability | 6 | |
81 total
» units
» buildings
| Graveyard | 1 | |
| Crypt | 1 | |
| Altar of Darkness | 1 | |
| Ziggurat | 2 | |
| Tomb of Relics | 1 | |
6 total
» build order
00:54 Graveyard
00:57 Crypt
01:00 Altar of Darkness
01:03 Ziggurat
01:36 Tomb of Relics
01:38 Ziggurat
Chat log
(00:23 / Allies) THEMORDORMORTAL: hi madafukas
(00:28 / All) JewHater: jews should burn in the oven haha
(00:35 / Allies) BATSHI.TCRAZY: excuse me nigger?
(00:46 / All) JewHater: jews are like gypsie chinks worst of both worlds haha
(01:02 / All) BATSHI.TCRAZY: blue your father was a jew
(01:14 / All) JewHater: take it back
(01:21 / All) BATSHI.TCRAZY: tis true
(01:33 / All) JewHater: you filthy jew liar
(01:33 / All) BATSHI.TCRAZY: he was a black jew
(01:52 / Allies) THEMORDORMORTAL: omg
(01:54 / Allies) BATSHI.TCRAZY: gtfo
(01:58 / Allies) THEMORDORMORTAL: noobs
(02:04 / Allies) BATSHI.TCRAZY: stfu
(02:07 / Allies) BATSHI.TCRAZY: nigger fuk
(02:12 / All) JewHater: HELP OUR PLAYER GOT KILLED BY MOSSAD
(02:27 / All) JewHater: HELP MOSSAD IS LAGGING OUR PLAYER
(02:53 / All) THEMORDORMORTAL: leave noobs
(02:55 / All) JewHater: that was a dirty jew trick
(02:55 / All) THEMORDORMORTAL: we win
(03:04 / Allies) BATSHI.TCRAZY: wow green fast tech on the end like a fukin jew noob
(08:32 / All) JewHater: yellow mher
(08:48 / All) JewHater: yellow mher
(09:02 / All) JewHater: 10000% mh
(09:04 / All) JewHater: like a jew
(09:24 / All) BATSHI.TCRAZY: only jews tower
(09:35 / All) JewHater: only kykes mh
(10:23 / Allies) a5aprocky: purp you got knights?
(10:26 / All) THEMORDORMORTAL: meet
(10:27 / Allies) afkchamp2: nah
(10:58 / All) THEMORDORMORTAL: back yellow
(11:05 / Allies) afkchamp2: hit here
(11:09 / Allies) a5aprocky: knights would own them
(11:20 / Allies) BATSHI.TCRAZY: yall need to kill them
(11:22 / Allies) BATSHI.TCRAZY: wtf
(11:29 / Allies) a5aprocky: stop going alone
(11:41 / All) THEMORDORMORTAL: meet
(11:53 / Allies) a5aprocky: stop using all chat
(12:01 / All) BATSHI.TCRAZY: suk my dik
(12:12 / Allies) THEMORDORMORTAL: come yellow
(12:32 / Allies) THEMORDORMORTAL: gogogogo
(12:59 / Allies) a5aprocky: cmon yellow
(15:04 / All) THEMORDORMORTAL: bye bye noobs
(16:36 / Allies) afkchamp2: wood me
(16:57 / Allies) afkchamp2: ty
(17:03 / Allies) a5aprocky: ya
(19:18 / All) THEMORDORMORTAL: back yellow
(19:30 / Allies) BATSHI.TCRAZY: we cant win
(19:45 / Allies) a5aprocky: purp tp
(20:01 / All) JewHater: hAHA JEW
(20:02 / All) JewHater: HAHA
(20:07 / All) JewHater: the oven for you!
(20:15 / Allies) afkchamp2: i don't help kikes
(20:25 / All) afkchamp2: GOOD BYE JEWS GOOD BYE JEWS GOOD BYE JEWS
(20:27 / All) afkchamp2: GOOD BYE JEWS
(20:32 / All) afkchamp2: GOOD BYE JEWS GOOD BYE JEWS GOOD BYE JEWS GOODBYE JEWS
(20:58 / All) afkchamp2: GOOD BYE JEWS GOODBYE JEWS GOOD BYE JEWS GOODBYE JEWS
(25:25 / All) JewHater: jews to the oven haha
(25:42 / All) BATSHI.TCRAZY: so bluw where did you get the new mh?
(25:53 / All) JewHater: bought it from your mama HAHA
(25:55 / All) JewHater: jews love money
(34:36 / All) afkchamp2: ain't getting that mk, boi
(35:43 / Allies) afkchamp2: die noob
(36:04 / All) JewHater: GOT HEEM
(36:04 / Allies) afkchamp2: haha you die noob
(36:10 / Allies) BATSHI.TCRAZY: why are you such a nigger
(36:19 / Allies) afkchamp2: you're a kike
(36:21 / Allies) afkchamp2: i gas you
(36:31 / Allies) afkchamp2: i put ur mk in oven
(36:33 / Allies) BATSHI.TCRAZY: im protestant you idiot
(36:43 / All) afkchamp2: yellow says he's a protestant
(36:45 / All) afkchamp2: clever ruse
(36:56 / All) BATSHI.TCRAZY: im baptist
(41:52 / All) JewHater: teal is a tk
(41:54 / All) JewHater: not nice
(41:56 / All) JewHater: very rude
(42:26 / All) afkchamp2: pramge 1 fppd sp,ewjere
(42:29 / All) afkchamp2: orange 1 food somewhere
(42:39 / All) JewHater: at my expo
(44:09 / All) afkchamp2: red has units
(45:20 / All) JewHater: raped
(45:33 / All) afkchamp2: Kelv Sternhammer abandoned his items to sacrifice himself for the standoff
(45:39 / All) afkchamp2: and the filthy undead scourge nearly took them
(47:22 / All) afkchamp2: my side is done
(48:12 / All) JewHater: real niggas only fucc wit gyros feel me?
(48:27 / All) JewHater: Aite den, peace out dawgs word to ya moms